 Dungeon Crawl Stone Soup version 0.27.1-33-g824d729ab1 (webtiles) character file.

Game seed: 6948966226521332886

231349 ildemir the Tortoise (level 18, 0/161 HPs)
             Began as a Minotaur Fighter on Dec 25, 2021.
             Was the Champion of Okawaru.
             Shot with an arrow by a deep elf master archer (11 damage)
             ... on level 3 of the Elven Halls.
             The game lasted 04:15:23 (43172 turns).

ildemir the Tortoise (Minotaur Fighter)            Turns: 43172, Time: 04:15:24

Health: 0/161      AC: 33    Str: 23    XL:     18   Next: 79%
Magic:  21/23      EV: 20    Int: 12    God:    Okawaru [******]
Gold:   3144       SH: 15    Dex: 16    Spells: 17/17 levels left

rFire    . . .     SeeInvis +   S - +10 eveningstar "Minotaur's Foe" {vorpal, Int+5}
rCold    . . .     Faith    .   c - +0 kite shield
rNeg     + . .     Spirit   .   t - +8 chain mail "Opeuci" {rN+ rCorr Int+2 Stlth+}
rPois    .         Reflect  .   d - +1 hat
rElec    .         Harm     .   h - +0 cloak {Will+}
rCorr    +         Rampage  .   G - +3 pair of gauntlets of War {Slay+5}
Will     ++++.                  B - +2 pair of boots of the Saviour {Will++ Stlth-}
Stlth    ..........             Q - amulet of the acrobat
HPRegen  0.36/turn              W - +4 ring of evasion
MPRegen  0.18/turn              o - ring of see invisible

@: finesse-ful
A: horns 2, retaliatory headbutt
}: 1/15 runes: barnacled
a: Renounce Religion, Heroism, Finesse


You were on level 3 of the Elven Halls.
You worshipped Okawaru.
Okawaru was exalted by your worship.
You visited 8 branches of the dungeon, and saw 31 of its levels.
You also visited: Sewer.

You collected 3495 gold pieces.
You spent 351 gold pieces at shops.

Inventory:

Hand Weapons
 S - the +10 eveningstar "Minotaur's Foe" (weapon) {vorpal, Int+5}
   (You acquired it on level 12 of the Dungeon)

   It inflicts extra damage upon your enemies.
   Int:       It affects your intelligence (+5).
Missiles
 k - 30 silver javelins (quivered)
 K - 27 javelins
Armour
 c - a +0 kite shield (worn)
 d - a +1 hat (worn)
 h - a +0 cloak of willpower (worn)
 t - the +8 chain mail "Opeuci" (worn) {rN+ rCorr Int+2 Stlth+}
   (You found it on level 4 of the Shoals)

   Int:       It affects your intelligence (+2).
   rN:        It protects you from negative energy.
   rCorr:     It protects you from acid and corrosion.
   Stlth:     It makes you more stealthy.
 B - the +2 pair of boots of the Saviour (worn) {Will++ Stlth-}
   (Okawaru gifted it to you on level 12 of the Dungeon)

   Will:      It greatly increases your willpower.
   Stlth:     It makes you less stealthy.
 G - the +3 pair of gauntlets of War (worn) {Slay+5}
   (You acquired it on level 6 of the Dungeon)

   Slay:      It affects your accuracy & damage with ranged weapons and melee
   (+5).
 O - a +1 pair of boots of flying
Jewellery
 j - a ring of protection from cold
 m - an amulet of reflection
 o - a ring of see invisible (right hand)
 N - a ring of protection from fire
 Q - an amulet of the acrobat (around neck)
 T - a ring of poison resistance
 W - a +4 ring of evasion (left hand)
Wands
 b - a wand of acid (10)
 e - a wand of flame (44)
 q - a wand of iceblast (46)
 R - a wand of digging (9)
Scrolls
 a - 4 scrolls of identify
 i - 2 scrolls of acquirement
 l - 2 scrolls of silence
 p - a scroll of magic mapping
 r - a scroll of amnesia
 v - 3 scrolls of fear
 w - 2 scrolls of enchant armour
 x - 4 scrolls of fog
 y - 2 scrolls of summoning
 A - a scroll of brand weapon {unknown}
 E - 7 scrolls of blinking
 F - 11 scrolls of teleportation
 J - a scroll of torment {unknown}
 Z - 3 scrolls of enchant weapon
Potions
 g - 7 potions of flight
 n - 11 potions of curing
 s - 4 potions of magic
 u - 7 potions of haste
 z - 4 potions of mutation
 C - 3 potions of cancellation
 D - 4 potions of lignification
 I - 5 potions of might
 U - 4 potions of ambrosia
 X - 2 potions of brilliance
 Y - a potion of resistance
Miscellaneous
 V - a piece from Xom's chessboard (15/15)


   Skills:
 + Level 14.4 Fighting
 - Level 16.0 Maces & Flails
 * Level 15.4 Throwing
 + Level 16.3 Armour
 + Level 14.9 Dodging
 - Level 1.2 Stealth
 - Level 16.0 Shields
 - Level 9.0 Invocations


You had 17 spell levels left.
You didn't know any spells.
Your spell library contained the following spells:

 Spells                   Type           Power      Damage    Failure   Level
 Animate Skeleton         Necr           0%         N/A       80%         1
 Corona                   Hex            0%         N/A       80%         1
 Pain                     Necr           0%         1d4       80%         1
 Shock                    Conj/Air       0%         1d3       80%         1
 Blink                    Tloc           N/A        N/A       90%         2
 Ensorcelled Hibernation  Hex/Ice        0%         N/A       90%         2
 Call Canine Familiar     Summ           0%         N/A       99%         3
 Frozen Ramparts          Ice            0%         1d2       99%         3
 Gell's Gravitas          Tloc           0%         N/A       99%         3
 Ignite Poison            Fire/Tmut/Pois 0%         N/A       99%         3
 Lesser Beckoning         Tloc           0%         N/A       99%         3
 Ozocubu's Armour         Ice            0%         N/A       99%         3
 Spider Form              Tmut/Pois      0%         N/A       99%         3
 Stone Arrow              Conj/Erth      0%         3d7       99%         3
 Swiftness                Air            0%         N/A       99%         3
 Teleport Other           Tloc           0%         N/A       99%         3
 Tukima's Dance           Hex            0%         N/A       99%         3
 Vampiric Draining        Necr           0%         2d6       99%         3
 Airstrike                Air            0%         N/A       100%        4
 Animate Dead             Necr           0%         N/A       100%        4
 Ice Form                 Ice/Tmut       0%         N/A       100%        4
 Leda's Liquefaction      Hex/Erth       0%         N/A       100%        4
 Passage of Golubria      Tloc           N/A        N/A       100%        4
 Summon Ice Beast         Ice/Summ       0%         N/A       100%        4
 Alistair's Intoxication  Tmut/Pois      0%         N/A       100%        5
 Bolt of Magma            Conj/Fire/Erth 0%         4d4       100%        5
 Borgnjor's Vile Clutch   Necr/Erth      0%         N/A       100%        5
 Manifold Assault         Tloc           0%         N/A       100%        5
 Metabolic Englaciation   Hex/Ice        0%         N/A       100%        5
 Yara's Violent Unravell  Hex/Tmut       0%         3d3       100%        5
 Death Channel            Necr           0%         N/A       100%        6
 Dispersal                Tloc           0%         N/A       100%        6
 Eringya's Noxious Bog    Tmut/Pois      0%         N/A       100%        6
 Shadow Creatures         Summ           N/A        N/A       100%        6
 Simulacrum               Ice/Necr       0%         N/A       100%        6
 Statue Form              Tmut/Erth      0%         N/A       100%        6
 Haunt                    Necr/Summ      0%         N/A       100%        7
 Infestation              Necr           0%         N/A       100%        8
 Shatter                  Erth           0%         3d5*      100%        9


Dungeon Overview and Level Annotations

Branches:
Dungeon (13/15)            Temple (1/1) D:7            Lair (6/6) D:8
 Shoals (4/4) Lair:3       Spider (1/4) Lair:4        Slime (1/5) Lair:6
    Orc (2/2) D:10            Elf (3/3) Orc:2         Sewer (visited)
 Vaults: D:13-14

Altars:
Ashenzari
Cheibriados
Dithmenos
Elyvilon
Fedhas
Gozag
Hepliaklqana
Kikubaaqudgha
Makhleb
Nemelex Xobeh
Okawaru
Qazlal
Ru
Sif Muna
Trog
Uskayaw
Vehumet
Wu Jian
Xom
Yredelemnul
Zin
The Shining One
Beogh
Jiyva

Shops:
D:2 !   D:4 *   D:9 *   Orc:2 ((:?*[*   Elf:1 ![[

Portals:
Trove: D:12 (give 6 potions of haste)

Annotations:
Lair:5 exclusion: 4 oklob plants
Spider:1 Nikola


Innate Abilities, Weirdness & Mutations

You have a pair of horns on your head.
You reflexively headbutt those who attack you in melee.


Message History

You hit the deep elf master archer.
The deep elf master archer is almost dead.
The ghostly deep elf sorcerer hits you but does no damage.
You hit the deep elf master archer.
The deep elf master archer blocks your attack.
The deep elf master archer is almost dead.
The deep elf master archer shoots an arrow.
The arrow hits you!
* * * LOW HITPOINT WARNING * * *
The arrow freezes you.
* * * LOW HITPOINT WARNING * * *
The deep elf master archer blocks your attack.
Your headbutt misses the deep elf master archer.
The deep elf master archer is almost dead.
You block the ghostly deep elf sorcerer's attack.
The deep elf master archer shoots an arrow.
You block the arrow.
The deep elf master archer blocks your attack. x2
The deep elf master archer is almost dead.
You sock the deep elf master archer!
Your headbutt misses the deep elf master archer.
The deep elf master archer is almost dead.
The ghostly deep elf sorcerer hits you with a +0 rapier.
* * * LOW HITPOINT WARNING * * *
The deep elf master archer shoots an arrow.
The arrow hits you!!
* * * LOW HITPOINT WARNING * * *
The arrow freezes you.
* * * LOW HITPOINT WARNING * * *
Okay, then.
As you read the scroll of fear, it crumbles to dust.
You assume a fearsome visage.
The ghostly deep elf sorcerer is unaffected.
The deep elf master archer resists with almost no effort.
The ghostly deep elf sorcerer barely misses you.
You furiously retaliate!
You headbutt the ghostly deep elf sorcerer!
The deep elf master archer shoots an arrow.
The arrow hits you!
You die...

.............[...#.##.......)....
................##)##.......)...#
######.######.###)##..........##
##..(≈≈)≈≈...#.# #.##.........##
.....≈≈.≈≈.....###.##....###'##
##...≈≈.≈≈.^.###...##....# #.#
#..)≈≈)≈≈)..# #...##....# #.####
######.###### #.e.##....###.....
#)# #@####....'....###
#)##=.?[|[e([##....###..#
#)##[?:(:/)?$##....# ##.#
#.##((.())($}##....# #.###
#)##|:[|[:??(##...## #....
##.#############..## #####
##...## #.## #####..#..# ###
......###.#


You could see a deep elf master archer and a ghostly deep elf sorcerer (fast).

Vanquished Creatures
  The ghost of Pisyidopu the Slayer, an adept MiBe of Trog (Shoals:3)
  Jorgrun (Shoals:3)
  A deep elf blademaster (Elf:3)
  Polyphemus (Shoals:4)
  A kraken (Shoals:3)
  Roxanne (Elf:2)
  An emperor scorpion (Spider:1)
  3 deep elf sorcerers
  3 deep elf elementalists (Elf:3)
  The ghost of Heezod the Fighter, a journeyman MiBe of Trog (Shoals:2)
  A deep elf annihilator (Elf:3)
  4 deep elf demonologists (Elf:3)
  4 merfolk javelineers (Shoals:4)
  5 deep elf death magi (Elf:3)
  The ghost of Stajl the Grappler, a journeyman TrFi of Trog (D:10)
  A fire dragon (Lair:6)
  5 merfolk impalers
  A deep elf high priest (Elf:3)
  Fannar (Orc:1)
  A boulder beetle (Lair:5)
  4 merfolk avatars
  Erolcha (D:10)
  17 hydras
  A centaur warrior (D:13)
  7 merfolk aquamancers
  A catoblepas (Shoals:4)
  A death knight (D:12)
  9 two-headed ogres
  14 death yaks
  Urug (Orc:2)
  3 satyrs
  26 dancing weapons
  3 orc high priests (Orc:2)
  Sonja (Orc:1)
  10 deep elf knights
  A fire crab (Lair:6)
  15 sea snakes
  A swamp dragon (Lair:6)
  A swamp dragon (shapeshifter) (D:12)
  The ghost of KamiKatze the Skirmisher, a novice KoBe of Trog (D:7)
  6 deep elf archers
  13 harpies
  3 ugly things
  5 wolf spiders
  4 orc knights (Orc:2)
  29 deep elf zephyrmancers
  26 fauns
  An orb spider (Spider:1)
  26 deep elf pyromancers
  15 manticores
  6 cyclopes
  6 orc sorcerers
  3 merfolk sirens (Shoals:1)
  A salamander (Lair:3)
  6 elephants
  A spectral centaur (D:10)
  6 black mambas
  9 water nymphs
  5 gargoyles
  13 cane toads
  3 torpor snails
  An unseen horror (D:12)
  5 kobold demonologists
  Maggie (D:6)
  16 rime drakes
  An efreet (D:12)
  9 komodo dragons
  5 wind drakes
  A meliai (shapeshifter) (D:12)
  5 trolls
  2 jumping spiders (Spider:1)
  7 snapping turtles
  10 polar bears
  A hornet (D:7)
  5 slime creatures (D:12)
  13 dream sheep
  29 blink frogs
  27 merfolk
  4 raiju (Lair:6)
  9 redbacks
  21 water elementals
  4 shadows
  3 centaur simulacra (D:10)
  A spriggan (Lair:2)
  Eustachio (D:6)
  An air elemental (Elf:1)
  3 tarantellas (Spider:1)
  10 wyverns
  56 yaks
  A vampire (D:12)
  3 wraiths
  5 basilisks
  5 steam dragons (Lair:6)
  2 fire elementals
  11 vampire mosquitoes
  Menkaure (D:6)
  5 wargs
  An acid dragon (Lair:6)
  11 water moccasins
  15 hell hounds
  A meliai simulacrum (D:10)
  21 orc warriors
  4 ice beasts
  A sky beast (D:7)
  14 ogres
  12 black bears
  5 centaurs
  30 wolves
  3 phantoms
  6 kobold brigands (D:10)
  21 bullfrogs
  2 earth elementals (Elf:2)
  5 gnoll sergeants
  A scorpion (D:3)
  2 water moccasin zombies (D:5)
  A wyvern skeleton (D:7)
  9 killer bees
  15 wights
  An electric eel (Lair:3)
  8 centaur zombies
  Crazy Yiuf (D:3)
  A hound (D:6)
  15 orc priests
  A bullfrog skeleton (D:7)
  A centaur skeleton (D:6)
  6 iguanas
  Terence (D:2)
  21 orc wizards
  14 hell rats
  A hound zombie (D:5)
  A hound skeleton (D:5)
  Robin (D:3)
  16 gnolls
  A river rat (D:5)
  11 adders
  3 shadow imps
  An ufetubus (D:7)
  3 worms
  A dart slug (D:2)
  66 orcs
  6 ball pythons
  7 endoplasms
  3 giant cockroaches
  17 goblins
  10 hobgoblins
  13 jackals
  5 quokkas
  4 bats
  6 frilled lizards
  17 kobolds
  2 rats
  A plant (Shoals:4)
  3 tentacles (Shoals:3)
1076 creatures vanquished.

Vanquished Creatures (others)
  A deep elf knight (Elf:2)
  A deep elf pyromancer (Elf:1)
  An orb spider (Spider:1)
  A wolf spider (Spider:1)
  A merfolk siren (Shoals:1)
  A water elemental (Shoals:4)
  A basilisk (Lair:6)
  A hound (D:6)
  An orc priest (Orc:2)
  2 iguanas (Lair:6)
  An orc wizard (D:4)
  A bush (Lair:5)
  29 fungi
  342 plants
  4 tentacles (Shoals:3)
388 creatures vanquished.

Grand Total: 1464 creatures vanquished

Notes
Turn   | Place    | Note
-------+----------+-------------------------------------------
     0 | D:1      | ildemir the Minotaur Fighter began the quest for the Orb.
     0 | D:1      | Reached XP level 1. HP: 19/19 MP: 0/0
   262 | D:1      | Reached XP level 2. HP: 25/26 MP: 1/1
   802 | D:1      | Reached XP level 3. HP: 31/31 MP: 2/2
  1032 | D:2      | Found Ubaginau's Distillery.
  1335 | D:2      | Found a faded altar of an unknown god.
  1607 | D:2      | Noticed Terence
  1615 | D:2      | Killed Terence
  1616 | D:2      | Reached skill level 5 in Maces & Flails
  1616 | D:2      | Reached XP level 4. HP: 39/39 MP: 3/3
  2303 | D:3      | Noticed a scorpion
  2309 | D:3      | Killed a scorpion
  2310 | D:3      | Reached XP level 5. HP: 40/45 MP: 4/4
  2587 | D:3      | Noticed Robin
  2596 | D:3      | Killed Robin
  2782 | D:3      | Found a radiant altar of Vehumet.
  2814 | D:3      | Found an ancient bone altar of Kikubaaqudgha.
  3189 | D:3      | Found a runed translucent door.
  3190 | D:3      | Noticed Crazy Yiuf
  3195 | D:3      | Killed Crazy Yiuf
  3411 | D:3      | Found a glowing silver altar of Zin.
  3706 | D:2      | Bought a potion of curing for 39 gold pieces
  3706 | D:2      | Bought a potion of flight for 39 gold pieces
  3752 | D:4      | Found Zimaenit's Assorted Antiques.
  3889 | D:4      | Reached XP level 6. HP: 50/51 MP: 5/5
  4020 | D:4      | Found a bloodstained altar of Trog.
  4569 | D:4      | Noticed a steam dragon
  4604 | D:5      | Entered Level 5 of the Dungeon
  4673 | D:5      | Found a glowing drain.
  4684 | Sewer    | Entered a sewer
  5628 | D:5      | Reached XP level 7. HP: 54/57 MP: 6/6
  6296 | D:5      | Reached skill level 10 in Maces & Flails
  6564 | D:5      | Got the Grimoire of Virous Black Rites
  7331 | D:4      | Bought a fuming inky potion for 20 gold pieces
  7331 | D:4      | Bought a brown potion for 20 gold pieces
  7331 | D:4      | Bought a scroll labelled WOUHO VIFEIS for 23 gold pieces
  7331 | D:4      | Bought a scroll labelled VEQIYN JEIGAE for 23 gold pieces
  7331 | D:4      | Bought a scroll labelled VEQIYN JEIGAE for 23 gold pieces
  7367 | D:6      | Reached XP level 8. HP: 59/64 MP: 7/7
  7476 | D:6      | Identified 4 scrolls of acquirement
  7476 | D:6      | Acquired the +3 pair of gauntlets of War {Slay+5}
  7476 | D:6      | Found the +3 pair of gauntlets of War {Slay+5}
  7685 | D:6      | Noticed Maggie
  7697 | D:6      | Killed Maggie
  7697 | D:6      | Noticed Menkaure
  7703 | D:6      | Killed Menkaure
  7819 | D:6      | Found a broken altar of Ashenzari.
  8249 | D:6      | Noticed Eustachio
  8266 | D:6      | Killed Eustachio
  8267 | D:6      | Reached XP level 9. HP: 70/70 MP: 8/8
  8565 | D:7      | Noticed KamiKatze's ghost (novice KoBe)
  8565 | D:7      | Found a transporter.
  8565 | D:7      | Found a transporter.
  8658 | D:7      | Found a staircase to the Ecumenical Temple.
  8664 | D:7      | Reached skill level 5 in Shields
  8674 | Temple   | Entered the Ecumenical Temple
  8683 | Temple   | Became a worshipper of Warmaster Okawaru
  8896 | D:7      | Found a blossoming altar of Fedhas.
  8964 | D:7      | Reached skill level 5 in Fighting
  9250 | D:8      | Noticed a two-headed ogre
  9521 | D:8      | Noticed a two-headed ogre
  9607 | D:9      | Reached * piety under Okawaru
  9684 | D:9      | Noticed a two-headed ogre
  9929 | D:8      | Killed a two-headed ogre
  9929 | D:8      | Reached ** piety under Okawaru
  9930 | D:8      | Reached XP level 10. HP: 54/84 MP: 9/9
 10107 | D:7      | Killed a two-headed ogre
 10857 | D:8      | Noticed a death yak
 10857 | D:8      | Noticed a death yak
 11057 | D:8      | Found a faded altar of an unknown god.
 11057 | D:8      | Found a faded altar of an unknown god.
 11057 | D:8      | Found a faded altar of an unknown god.
 11059 | D:8      | Found a hazy altar of Hepliaklqana.
 11362 | D:8      | Noticed a death yak
 11424 | D:8      | Noticed a death yak
 11473 | D:8      | Killed a death yak
 11473 | D:8      | Reached *** piety under Okawaru
 11474 | D:8      | Reached skill level 10 in Shields
 11558 | D:8      | Noticed a death yak
 11558 | D:8      | Noticed a death yak
 11575 | D:8      | Noticed a death yak
 11608 | D:9      | Killed a death yak
 11633 | D:10     | Entered Level 10 of the Dungeon
 11642 | D:10     | Reached skill level 15 in Maces & Flails
 11648 | D:10     | Reached **** piety under Okawaru
 11649 | D:10     | Reached XP level 11. HP: 31/94 MP: 10/10
 11979 | D:10     | Found a runed translucent gate.
 11982 | D:10     | Found a runed translucent gate.
 11983 | D:10     | Found a runed translucent gate.
 11984 | D:10     | Noticed Stajl's ghost (journeyman TrFi)
 12211 | D:10     | Identified the +2 chain mail "Kimad" {rElec rCorr Int+9
                  | Dex+4}
 12273 | D:10     | Noticed Erolcha
 12472 | D:9      | Killed a two-headed ogre
 12719 | D:9      | Noticed a two-headed ogre
 12724 | D:9      | Killed a two-headed ogre
 12724 | D:9      | Reached ***** piety under Okawaru
 13110 | D:9      | Received a gift from Okawaru
 13175 | D:9      | Found Nigex's General Store.
 13346 | D:9      | Reached skill level 1 in Stealth
 13734 | D:10     | Killed Erolcha
 13897 | D:10     | Reached skill level 1 in Dodging
 13898 | D:10     | Reached skill level 1 in Throwing
 13913 | D:10     | Received a gift from Okawaru
 14091 | D:10     | Found a staircase to the Orcish Mines.
 14297 | Orc:1    | Entered Level 1 of the Orcish Mines
 14297 | Orc:1    | Noticed Sonja
 14416 | D:11     | Noticed a two-headed ogre
 14422 | D:11     | Killed a two-headed ogre
 14604 | D:11     | Noticed a two-headed ogre
 14611 | D:11     | Killed a two-headed ogre
 14612 | D:11     | Reached skill level 5 in Armour
 14612 | D:11     | Reached XP level 12. HP: 103/104 MP: 11/11
 15219 | D:12     | Noticed a two-headed ogre
 15224 | D:12     | Killed a two-headed ogre
 15328 | D:12     | Acquired the +10 eveningstar "Minotaur's Foe" {vorpal,
                  | Int+5}
 15471 | D:12     | Identified the +2 pair of boots of the Saviour {Will++
                  | Stlth-} (Okawaru gifted it to you on level 12 of the
                  | Dungeon)
 15471 | D:12     | Received a gift from Okawaru
 15471 | D:12     | Noticed a five-headed hydra
 15474 | D:12     | Killed a five-headed hydra
 15744 | D:12     | Reached skill level 10 in Fighting
 15751 | D:12     | Reached skill level 5 in Dodging
 15919 | D:12     | Reached ****** piety under Okawaru
 16213 | D:12     | You fall into a shaft and drop 1 floor!
 16213 | D:13     | Noticed a centaur warrior
 16219 | D:13     | Killed a centaur warrior
 16220 | D:13     | Reached skill level 5 in Throwing
 16220 | D:13     | Reached XP level 13. HP: 114/114 MP: 12/12
 16448 | D:12     | Found a portal to a secret trove of treasure.
 17242 | D:10     | Killed Stajl's ghost
 17243 | D:10     | Reached skill level 15 in Shields
 17249 | D:10     | Received a gift from Okawaru
 17679 | D:7      | Killed KamiKatze's ghost
 18114 | D:4      | Found a bloodstained altar of Trog.
 18365 | D:4      | Found Zimaenit's Assorted Antiques.
 18775 | D:8      | Found a staircase to the Lair.
 18796 | Lair:1   | Entered Level 1 of the Lair of Beasts
 19780 | Lair:2   | Reached XP level 14. HP: 100/124 MP: 13/13
 20654 | Lair:3   | Identified the +3 plate armour of Sin {rN++}
 20680 | Lair:3   | Received a gift from Okawaru
 20953 | Lair:3   | Found a staircase to the Shoals.
 21203 | Lair:3   | Identified the +3 mace of Bloody Death {pain, Fly Int+7}
 21244 | Lair:3   | Found the +4 skin of Zhor {*Englaciate rC+++ SInv}
 22524 | Lair:4   | Reached skill level 10 in Throwing
 22552 | Lair:4   | Found an iron altar of Okawaru.
 22592 | Lair:4   | Found a hole to the Spider Nest.
 23092 | Lair:4   | Received a gift from Okawaru
 23479 | Lair:5   | Reached skill level 1 in Invocations
 23637 | Lair:5   | Reached skill level 10 in Armour
 23908 | Lair:6   | Entered Level 6 of the Lair of Beasts
 24050 | Lair:5   | Reached XP level 15. HP: 108/134 MP: 15/15
 25414 | Lair:6   | Received a gift from Okawaru
 26300 | Lair:6   | Identified the +0 scale mail of the Louse {rF++ Will-
                  | Int+3} (Okawaru gifted it to you on level 6 of the Lair of
                  | Beasts)
 26300 | Lair:6   | Received a gift from Okawaru
 26607 | Lair:6   | Reached skill level 10 in Dodging
 26612 | Lair:6   | Reached skill level 5 in Invocations
 26668 | Lair:6   | Identified the +3 spear of Beogh's Supremacy {freeze,
                  | +Blink rPois rC- Stlth-}
 26815 | Lair:6   | Found a staircase to the Slime Pits.
 26815 | Lair:6   | Found a viscous altar of Jiyva.
 26930 | Slime:1  | Entered Level 1 of the Pits of Slime
 26930 | Slime:1  | Noticed a rockslime
 27143 | Spider:1 | Entered Level 1 of the Spider Nest
 27720 | Spider:1 | Noticed Nikola
 28098 | Shoals:1 | Entered Level 1 of the Shoals
 28851 | Shoals:1 | Reached XP level 16. HP: 54/141 MP: 19/19
 29605 | Shoals:2 | Received a gift from Okawaru
 29941 | Shoals:2 | Found a runed translucent gate.
 29942 | Shoals:2 | Found a runed translucent gate.
 29943 | Shoals:2 | Found a runed translucent gate.
 29944 | Shoals:2 | Noticed Heezod's ghost (journeyman MiBe)
 30829 | Shoals:2 | Killed Heezod's ghost
 30829 | Shoals:2 | Received a gift from Okawaru
 30974 | Shoals:3 | Found a runed translucent door.
 31092 | Shoals:3 | Noticed Jorgrun
 31108 | Shoals:3 | Killed Jorgrun
 31108 | Shoals:3 | Received a gift from Okawaru
 31605 | Shoals:3 | Noticed a kraken
 31625 | Shoals:3 | Killed a kraken
 32313 | Shoals:3 | Noticed Pisyidopu's ghost (adept MiBe)
 32334 | Shoals:4 | Entered Level 4 of the Shoals
 32340 | Shoals:4 | Noticed Polyphemus
 32349 | Shoals:4 | Killed Polyphemus
 32356 | Shoals:3 | Received a gift from Okawaru
 33708 | Shoals:4 | HP: 6/141 [faun/stone (12)]
 34722 | Shoals:4 | Reached XP level 17. HP: 148/148 MP: 22/22
 35354 | Shoals:4 | Identified the +8 chain mail "Opeuci" {rN+ rCorr Int+2
                  | Stlth+}
 35875 | Shoals:4 | Received a gift from Okawaru
 36453 | Shoals:4 | Found the +0 pair of fencer's gloves {Riposte Dex+3}
 36562 | Shoals:4 | Got a barnacled rune of Zot
 36817 | Shoals:3 | Killed Pisyidopu's ghost
 37331 | Orc:1    | Killed Sonja
 37335 | Orc:1    | Noticed Fannar
 37346 | Orc:1    | Killed Fannar
 37716 | Orc:2    | Entered Level 2 of the Orcish Mines
 37737 | Orc:2    | Found Nerchuleq's Antique Armour Emporium.
 37737 | Orc:2    | Found a staircase to the Elven Halls.
 37739 | Orc:2    | Found Qarawehu's General Store.
 37742 | Orc:2    | Received a gift from Okawaru
 37822 | Orc:2    | Bought a scroll of identify for 28 gold pieces
 37822 | Orc:2    | Bought a scroll of identify for 28 gold pieces
 37822 | Orc:2    | Bought a scroll of fear for 49 gold pieces
 37895 | Orc:2    | Found Moxu's General Store.
 37973 | Orc:2    | Found Iwofenid's Magic Scroll Boutique.
 38091 | Orc:2    | Reached skill level 15 in Armour
 38327 | Orc:2    | Found Keutuege's Antique Weapon Boutique.
 38328 | Orc:2    | Found Fesero's Book Shoppe.
 38328 | Orc:2    | Found Ettoud's Antique Weapon Shoppe.
 38336 | Orc:2    | Bought a scroll of noise for 15 gold pieces
 38568 | Orc:2    | Noticed Urug
 38576 | Orc:2    | Killed Urug
 38910 | Elf:1    | Entered Level 1 of the Elven Halls
 38938 | Elf:1    | Received a gift from Okawaru
 39598 | Elf:1    | You fall into a shaft and drop 1 floor!
 39859 | Elf:2    | Reached XP level 18. HP: 146/157 MP: 23/23
 40067 | Elf:2    | Found a runed translucent gate.
 40067 | Elf:2    | Found a runed translucent gate.
 40068 | Elf:2    | Found a runed translucent gate.
 40512 | Elf:2    | Noticed Roxanne
 40528 | Elf:2    | Killed Roxanne
 40528 | Elf:2    | Received a gift from Okawaru
 40855 | Elf:2    | Received a gift from Okawaru
 41090 | Elf:1    | Got the Catalogue of the Entourage
 41280 | Elf:1    | Found Caje's Armour Emporium.
 41307 | Elf:1    | Received a gift from Okawaru
 41454 | Elf:1    | Found Naluifio's Antique Armour Shop.
 41454 | Elf:1    | Found Kaxzail's Distillery.
 41468 | Elf:1    | Bought a potion of might for 44 gold pieces
 41646 | Elf:1    | Paralysed by an air elemental for 1 turns
 41811 | Elf:3    | Entered Level 3 of the Elven Halls
 42350 | Elf:3    | Received a gift from Okawaru
 42632 | Elf:3    | Reached skill level 15 in Throwing
 42817 | Elf:3    | Noticed a Tzitzimitl
 43172 | Elf:3    | Shot with an arrow by a deep elf master archer

Illustrated notes

Levels and vault maps discovered:
D:1:      saegor_arrival_simple_c, layout_loops_ring
D:2:      layout_basic, hellmonk_ecumenical_altar_zigzags, serial_shops,
          nicolae_shop_crystal, serial_bayou_lagoon_b, uniq_terence
D:3:      layout_loops_ring, lemuel_round_altar, mainiacjoe_overflow_two_lobes,
          uniq_robin, uniq_crazy_yiuf_cottage
D:4:      cheibrodos_pilgrimage, layout_loops_ring,
          mainiacjoe_overflow_concentric_impassable, serial_shops, shop
D:5:      layout_gridville, portal_sewer_entry_b
D:6:      layout_loops_cross, mainiacjoe_overflow_alcove_2,
          lemuel_flamethrower_2, uniq_maggie, uniq_menkaure, uniq_eustachio
D:7:      layout_rooms, mainiacjoe_overflow_chevrons, minmay_temple_entry_tees,
          gammafunk_ghost_hive
D:8:      layout_layer_cave, nicolae_hepliaklqana_ecumenical_no_more,
          dpeg_lair_monsters
D:9:      layout_loops_ring, serial_shops, nicolae_inconvenience_store,
          mrwooster_statue_mirror
D:10:     layout_roguey, kennysheep_orc_monster_closet_entryway,
          gammafunk_ghost_necromancy, chequers_arboretum, uniq_erolcha
D:11:     cheibrodos_statue_roulette, layout_long_grid
D:12:     minmay_ornate_pinched, layout_loops_ring, enter_trove_1,
          minmay_fractal_squares_diagonal_5
D:13:     layout_gridville, hangedman_vaults_entry_quadrant_bands,
          serial_undead, serial_undead_b, serial_undead_a, serial_undead_e,
          serial_undead_c, serial_undead_a, serial_undead_a
Temple:   nicolae_temple_no_exploring_needed
Lair:1:   layout_regular_city, grunt_megastairs_1, infiniplex_staircase_pool_2
Lair:2:   layout_long_grid, grunt_forest_large_clearing_hut
Lair:3:   layout_gridlike, elwin_shoals_entry_rocks,
          hellmonk_guarded_unrand_zhor
Lair:4:   layout_layer_cave, spider_nest_entry_webs, basic_altar
Lair:5:   layout_roguey [special_room_mythical_zoo], grunt_forest_stairs_basic,
          lemuel_fruit_tree, serial_bayou_shore_b, minmay_lair_oklob_chamber,
          grunt_megastairs_5
Lair:6:   guppyfry_lair_end_dragon, layout_gridlike,
          hangedman_lair_caniforms_friends, slime_altar_1,
          chequers_serial_rivers_room_b, lemuel_fruit_fields,
          infiniplex_staircase_pool
Shoals:1: layout_shoals
Shoals:2: layout_shoals, gammafunk_ghost_split
Shoals:3: layout_shoals, ebering_ghost_reflecting_pool, uniq_jorgrun
Shoals:4: shoals_end_grunt_garden, layout_shoals, nicolae_shoals_water_shrine,
          uniq_polyphemus
Spider:1: layout_spider_delve, hangedman_spider_tarantella_strand, uniq_nikola
Slime:1:  layout_caves
Orc:1:    layout_diamond_mine, uniq_fannar, uniq_sonja
Orc:2:    st_orc_elflike, layout_caves, serial_shops, nicolae_square_shop, shop,
          nicolae_shop_waterfront, minmay_orc_temple_b, uniq_urug
Elf:1:    elf_arrival_002, layout_geoelf_diagonals, serial_shops, shop,
          minmay_elf_demonology, minmay_shoptagon
Elf:2:    elven_hall_of_blades_hangedman_original
          [nicolae_blade_entry_hurt_lockers], layout_loops_cross, uniq_roxanne
Elf:3:    elf_hall_gauntlet_narrow, layout_gridlike

Skill      XL: |  1  2  3  4  5  6  7  8  9 10 11 12 13 14 15 16 17 18 |
---------------+-------------------------------------------------------+-----
Maces & Flails | 3 4 5 6 7 9 11 13 14 15 16 | 16.0
Shields        | 8 11 12 14 15 16 | 16.0
Fighting       | 6 8 9 10 11 12 13 14 | 14.4
Stealth        | 1 |  1.2
Dodging        | 2 5 7 8 10 12 14 | 14.9
Throwing       | 2 5 6 10 11 13 14 15 | 15.4
Armour         | 5 7 9 10 12 13 15 16 | 16.3
Invocations    | 2 6 8 9 |  9.0

Action                   |  1- 3 |  4- 6 |  7- 9 | 10-12 | 13-15 | 16-18 || total
-------------------------+-------+-------+-------+-------+-------+-------++-------
Melee: Flail             |   105 |   204 |   209 |    50 |       |       ||   568
       Headbutt          |    16 |    32 |    52 |   103 |   215 |   238 ||   656
       Mace              |       |       |       |   123 |       |       ||   123
       Morningstar       |       |       |       |   176 |       |       ||   176
       Eveningstar       |       |       |       |    93 |   924 |   980 ||  1997
Throw: Stone             |     3 |    22 |    14 |    36 |       |       ||    75
       Javelin           |       |       |       |       |    10 |   111 ||   121
Invok: Finesse           |       |       |       |       |     1 |     5 ||     6
Evoke: Wand              |       |       |     5 |       |       |     3 ||     8
  Use: Potion            |       |     3 |     2 |     3 |     3 |     4 ||    15
       Scroll            |       |       |     5 |     6 |    11 |     3 ||    25
 Stab: Sleeping          |       |       |     1 |     2 |       |       ||     3
Armor: Scale mail        |    46 |    72 |    45 |       |       |       ||   163
       Steam dragon scal |       |       |    34 |    99 |    94 |       ||   227
       Plate armour      |       |       |       |       |   255 |   137 ||   392
       Chain mail        |       |       |       |       |       |   109 ||   109
Dodge: Dodged            |    35 |    51 |    59 |   109 |   423 |   452 ||  1129
Block: Kite shield       |    61 |   104 |   131 |   251 |   666 |   644 ||  1857
       Reflection        |       |       |       |       |       |    42 ||    42
